[Event "*** Titled Tuesday Blitz"]
[Site "Chess.com"]
[Date "2019.10.01"]
[Round "4"]
[White "csati17"]
[Black "fidetrainerNET"]
[Result "1-0"]
[WhiteElo "2483"]
[BlackElo "2258"]
[TimeControl "180+2"]
[EndTime "13:53:08 PDT"]
[Termination "csati17 won by resignation"]

1. c4 e5 2. g3 c5 3. Nc3 Nc6 4. Bg2 g6 5. e3 Bg7 6. Nge2 Nge7 7. d4 cxd4 8. exd4 exd4 9. Nb5 d5 10. cxd5 Nxd5 11. Bxd5 O-O 12. Bxc6 bxc6 13. Nbxd4 Qd5 14.
O-O Rd8 15. Be3 Bg4 16. Qb3 c5 17. Qxd5 Rxd5 18. Nc6 Rd6 19. Ne7+ Kf8 20. Bxc5 Kxe7 21. f3 Bf5 22. Rad1 Rd8 23. Nc3 Bd4+ 24. Rxd4 1-0

[Event "*** Titled Tuesday Blitz"]
[Site "Chess.com"]
[Date "2019.10.01"]
[Round "4"]
[White "DrRiebert"]
[Black "babero_gordo"]
[Result "1-0"]
[WhiteElo "2427"]
[BlackElo "2111"]
[TimeControl "180+2"]
[EndTime "13:53:09 PDT"]
[Termination "DrRiebert won by resignation"]

1. e4 c5 2. Nf3 Nc6 3. d4 cxd4 4. Nxd4 g6 5. Nc3 Bg7 6. Be3 Nf6 7. Qd2 Ng4 8. Nxc6 bxc6 9. Bd4 O-O 10. h3 Nf6 11. e5 Nd5 12. Nxd5 cxd5 13. Be2 d6 14.
exd6 Qxd6 15. Bxg7 Kxg7 16. O-O Be6 17. Qd4+ Kg8 18. Bf3 Rac8 19. c3 Rc4 20. Qxa7 Qf4 21. Qe3 Qh4 22. Rad1 Rd8 23. Rd4 Qf6 24. Rfd1 Ra8 25.
Rxc4 dxc4 26. Bxa8 1-0

[Event "*** Titled Tuesday Blitz"]
[Site "Chess.com"]
[Date "2019.10.01"]
[Round "4"]
[White "kosmeg"]
[Black "francyIM"]
[Result "0-1"]
[WhiteElo "2496"]
[BlackElo "2667"]
[TimeControl "180+2"]
[EndTime "13:53:13 PDT"]
[Termination "francyIM won by resignation"]

1. d4 Nf6 2. c4 e6 3. g3 d5 4. Bg2 Be7 5. Nf3 O-O 6. O-O c6 7. Qc2 b6 8. Rd1 Nbd7 9. b3 Bb7 10. Nc3 c5 11. dxc5 Bxc5 12. cxd5 exd5 13. Bb2 Rc8 14. Qf5 Qe7 15. Ng5 h6 16. Nh3 Qe6 17. Qxe6 fxe6 18. Nf4 Kf7 19. e4 d4 20. Nb5 e5 21.
Nd5 a6 22. Na3 Nxd5 23. exd5 b5 24. Nc2 Nf6 25. Ne1 Bxd5 26. Bxd5+ Nxd5 27. Nd3 Bd6 28.
Re1 Rfe8 29. f4 e4 30. Ne5+ Bxe5 31. fxe5 Rxe5 32. Bxd4 Re7 33. Rac1 Rce8 34. Rc6 Nb4 35. Rf1+ Kg8 36. Rg6 Nc2 37. Bb2 e3 0-1

[Event "*** Titled Tuesday Blitz"]
[Site "Chess.com"]
[Date "2019.10.01"]
[Round "4"]
[White "Godzillator"]
[Black "DonRodrigue"]
[Result "0-1"]
[WhiteElo "2384"]
[BlackElo "2705"]
[TimeControl "180+2"]
[EndTime "13:53:23 PDT"]
[Termination "DonRodrigue won by resignation"]

1. d4 Nf6 2. c4 e6 3. Nc3 Bb4 4. Qc2 O-O 5. a3 Bxc3+ 6. Qxc3 b6 7. Bg5 Bb7 8. e3 d5 9. cxd5 exd5 10. Nf3 Nbd7 11. Bd3 c5 12. dxc5 bxc5 13. O-O Qb6 14. b4 Ne4 15. Bxe4 dxe4 16. bxc5 Qxc5 17. Qxc5 Nxc5 18. Nd4 f6 19. Bf4 Nd3 20. Bg3 Bd5 21. Rab1 Rfd8 22. h3 g6 23. Rfd1 Rac8 24. Rd2 Rc4 25.
Rb5 Ra4 26. Nc2 Rd7 27. Rb8+ Kf7 28. Kf1 Rc4 29. Kg1 Rc3 30. a4 Bb3 31. Nd4 Bxa4 32. Ra2 Rc4 33. Ra8 Rb7 34. Bb8 a6 35. Ra7 Rxa7 36.
Bxa7 f5 37. Bb8 f4 38. Ra3 h6 39. Ne2 fxe3 40. fxe3 Bb5 41. Nc3 Ke6 42. Rb3 Nc1 43. Ra3 Rxc3 44. Rxc3 Ne2+ 45. Kf2 Nxc3 0-1

[Event "*** Titled Tuesday Blitz"]
[Site "Chess.com"]
[Date "2019.10.01"]
[Round "4"]
[White "benhal"]
[Black "JoNAs_88"]
[Result "1-0"]
[WhiteElo "2320"]
[BlackElo "2480"]
[TimeControl "180+2"]
[EndTime "13:53:34 PDT"]
[Termination "benhal won by resignation"]

1. e4 c6 2. d3 d5 3. Nf3 Nf6 4. e5 Nfd7 5. Qe2 e6 6. h4 c5 7.
g3 Nc6 8. Bg2 Qc7 9. Bf4 g6 10.
h5 Bg7 11. hxg6 hxg6 12. Rxh8+ Bxh8 13. Nbd2 b6 14. O-O-O Bb7 15. Rh1 O-O-O 16. Re1 Bg7 17. Kb1 Rh8 18. c3 Ba6 19. c4 dxc4 20. Nxc4 Bxc4 21.
dxc4 Rh5 22. g4 Rh8 23. Qe4 Ndb8 24. a3 Rd8 25. Ka2 Nd4 26. Ng5 Rd7 27. Bc1 Nbc6 28. f4 Na5 29. Rh1 Nac6 30. Rh7 Bf8 31. Be3 Kb7 32.
Bxd4 cxd4 33. Nxe6 fxe6 34. Qxc6+ Qxc6 35. Rxd7+ 1-0

[Event "*** Titled Tuesday Blitz"]
[Site "Chess.com"]
[Date "2019.10.01"]
[Round "4"]
[White "Jenia84"]
[Black "ecwinslow"]
[Result "0-1"]
[WhiteElo "2249"]
[BlackElo "2090"]
[TimeControl "180+2"]
[EndTime "13:53:35 PDT"]
[Termination "ecwinslow won by resignation"]

1. e4 c5 2. Nf3 d6 3. d4 cxd4 4. Nxd4 Nf6 5. Nc3 g6 6. Be3 Bg7 7. f3 O-O 8. Qd2 Nc6 9. g4 Rb8 10. h4 h5 11. gxh5 Nxh5 12. Nd5 e6 13. Nc3 d5 14. O-O-O dxe4 15. Nxe4 Nxd4 16. Bxd4 Bxd4 17. Qxd4 Qxd4 18. Rxd4 b6 19. Bc4 Bb7 20. Rg1 Rfd8 21. Rd2 Kf8 22. Bd3 Ke7 23. Kd1 Nf4 24. Ke1 Rh8 25.
Bb5 Rbd8 26. Rxd8 Rxd8 27. Kf2 f5 28. Ng5 Kf6 29. Re1 Rd6 30. Bc4 e5 31. Re3 Rd2+ 32.
Ke1 Rxc2 33. Bb3 Ng2+ 0-1

[Event "*** Titled Tuesday Blitz"]
[Site "Chess.com"]
[Date "2019.10.01"]
[Round "4"]
[White "JakubPulpan"]
[Black "FairChess_on_YouTube"]
[Result "0-1"]
[WhiteElo "2736"]
[BlackElo "2981"]
[TimeControl "180+2"]
[EndTime "13:53:47 PDT"]
[Termination "FairChess_on_YouTube won by resignation"]

1. Nf3 c5 2. e3 Nc6 3. b3 e5 4. Bb2 d6 5. Bb5 e4 6. Ng1 Qg5 7. Kf1 a6 8. Nh3 Qh4 9. Bxc6+ bxc6 10. Ng1 Nh6 11. f3 d5 12. Qe1 Qh5 13. Qg3 f6 14.
Nc3 exf3 15. Nxf3 Qf7 16. Kg1 Nf5 17. Qf2 Be7 18. e4 Nd4 19. exd5 Nxc2 20. Rc1 Nb4 21.
Re1 Nd3 22. Qxc5 Nxc5 0-1

[Event "*** Titled Tuesday Blitz"]
[Site "Chess.com"]
[Date "2019.10.01"]
[Round "4"]
[White "I-Mesquita"]
[Black "chessS1r"]
[Result "1-0"]
[WhiteElo "2648"]
[BlackElo "2475"]
[TimeControl "180+2"]
[EndTime "13:53:49 PDT"]
[Termination "I-Mesquita won by checkmate"]

1. c4 e5 2. Nc3 Nf6 3. Nf3 Nc6 4. e3 Bb4 5. Qc2 Bxc3 6. bxc3 O-O 7. e4 d6 8. Be2 a6 9. O-O Nd7 10. d4 Nf6 11.
Bg5 h6 12. Bh4 g5 13. Bg3 Qe7 14. c5 exd4 15. cxd6 cxd6 16. Nxd4 Nxd4 17. cxd4 Nxe4 18. Bc4 Nxg3 19. Qg6+ Kh8 20. Qxh6+ Kg8 21. fxg3 Qe3+ 22. Kh1 Qxd4 23. Qxg5+ Qg7 24. Qe7 Be6 25. Bxe6 fxe6 26. Qxe6+ Rf7 27. Rac1 Rf8 28. Rc7 Qe5 29. Qg6+ Qg7 30.
Qe6 Qe5 31. Rfxf7 Qxe6 32. Rg7+ Kh8 33. Rh7+ Kg8 34. Rcg7# 1-0

[Event "*** Titled Tuesday Blitz"]
[Site "Chess.com"]
[Date "2019.10.01"]
[Round "4"]
[White "Sashadav97"]
[Black "TrimitziosP7"]
[Result "0-1"]
[WhiteElo "2527"]
[BlackElo "2768"]
[TimeControl "180+2"]
[EndTime "13:53:52 PDT"]
[Termination "TrimitziosP7 won by resignation"]

1. d4 d5 2. c4 c6 3. cxd5 cxd5 4.
Bf4 Nc6 5. e3 Nf6 6. Nc3 a6 7.
Be2 e6 8. h3 Bd7 9. Nf3 Be7 10.
O-O O-O 11. Bd3 b5 12. Rc1 Na5 13. Ne5 Rc8 14. Qe2 Nc4 15. b3 Nd6 16. f3 Re8 17. g4 b4 18. Nxd7 Nxd7 19. Bxd6 Bxd6 20. Na4 a5 21. Bb5 Rb8 22. f4 Rf8 23. Bxd7 Qxd7 24. Qa6 h5 25. Rc6 Be7 26. Rfc1 hxg4 27. Rc7 Qd8 28.
hxg4 Ra8 29. Qb7 Bh4 30. Kg2 Qf6 31. Rh1 g5 32. Rxh4 gxh4 33. Nb6 Rab8 34. Nd7 Qg6 35. Nxb8 Qxg4+ 36. Kf2 h3 37. Nd7 Qg2+ 38. Ke1 h2 39.
Nf6+ Kh8 0-1

[Event "*** Titled Tuesday Blitz"]
[Site "Chess.com"]
[Date "2019.10.01"]
[Round "4"]
[White "Saloni1299"]
[Black "patrisiii123"]
[Result "0-1"]
[WhiteElo "2049"]
[BlackElo "2475"]
[TimeControl "180+2"]
[EndTime "13:53:57 PDT"]
[Termination "patrisiii123 won by resignation"]

1. e4 e5 2. Nf3 Nc6 3. Bb5 a6 4.
Ba4 Nf6 5. O-O b5 6. Bb3 Be7 7. Re1 O-O 8. c3 d6 9. h3 Na5 10. Bc2 c5 11. d4 Qc7 12. Nbd2 cxd4 13. cxd4 Nc6 14. Nb3 a5 15. Be3 Nb4 16. Bb1 a4 17.
Nbd2 Bb7 18. a3 Na6 19. Bd3 b4 20. Rc1 Qa5 21. dxe5 dxe5 22. Nc4 Qd8 23. Bb6 Qb8 24. Nfxe5 Nc5 25. Bxc5 Bxc5 26. axb4 Bxb4 27. Re2 Rd8 28. Qc2 Nh5 29. Nb6 Qxe5 30. Nxa8 Rxa8 31. Qc7 Bd6 0-1

[Event "*** Titled Tuesday Blitz"]
[Site "Chess.com"]
[Date "2019.10.01"]
[Round "4"]
[White "TheLancer"]
[Black "Dr-Bassem"]
[Result "0-1"]
[WhiteElo "2559"]
[BlackElo "2821"]
[TimeControl "180+2"]
[EndTime "13:53:58 PDT"]
[Termination "Dr-Bassem won by resignation"]

1. e4 e5 2. Nf3 Nc6 3. Bb5 a6 4. Ba4 Nf6 5. O-O Be7 6. Re1 b5 7.
Bb3 d6 8. c3 O-O 9. a4 b4 10. a5 Rb8 11. h3 Be6 12. Bxe6 fxe6 13.
d4 bxc3 14. bxc3 exd4 15. cxd4 d5 16. exd5 exd5 17. Ne5 Nxe5 18. dxe5 Ne4 19. Be3 Bb4 20. Re2 Bc3 21. Nxc3 Nxc3 22. Qd3 Nxe2+ 23. Qxe2 Rb5 24. f4 d4 25. Bd2 Qd5 26. Rc1 c5 27. Qd3 Rb2 28. Rc2 c4 0-1

[Event "*** Titled Tuesday Blitz"]
[Site "Chess.com"]
[Date "2019.10.01"]
[Round "4"]
[White "Olga_Girya"]
[Black "Andrii_Prydun"]
[Result "1-0"]
[WhiteElo "2477"]
[BlackElo "2254"]
[TimeControl "180+2"]
[EndTime "13:54:03 PDT"]
[Termination "Olga_Girya won by resignation"]

1. d4 Nf6 2. c4 c6 3. Nf3 d5 4. Qc2 e6 5. e3 Nbd7 6. Nbd2 Be7 7. Bd3 O-O 8. O-O b6 9. e4 dxe4 10. Nxe4 Bb7 11. Be3 Nxe4 12. Bxe4 Nf6 13. Rad1 Qc7 14. c5 Ba6 15. Rfe1 Nxe4 16. Qxe4 Bc4 17. Bf4 Qb7 18.
b3 Bd5 19. Qe3 bxc5 20. dxc5 Qb5 21. Rc1 Qa5 22. Re2 Bxf3 23. Qxf3 Bxc5 24. Rec2 Ba3 25.
Rf1 Qd5 26. Rxc6 Qxf3 27. gxf3 Rac8 28. Rxc8 Rxc8 29. Rd1 h6 30. Rd7 a5 31. Bd2 Rc2 32. Bxa5 Rxa2 33. Bb6 Rb2 34. Rd3 Bb4 35. Kg2 f6 36. f4 Kf7 37. Bd4 Kg6 38. Bxb2 1-0

[Event "*** Titled Tuesday Blitz"]
[Site "Chess.com"]
[Date "2019.10.01"]
[Round "4"]
[White "TrenerChos"]
[Black "Keaton87"]
[Result "1-0"]
[WhiteElo "2413"]
[BlackElo "2587"]
[TimeControl "180+2"]
[EndTime "13:54:07 PDT"]
[Termination "TrenerChos won by resignation"]

1. e4 c5 2. Nf3 d6 3. d4 Nf6 4.
Nc3 cxd4 5. Nxd4 g6 6. Bb5+ Bd7 7. Bxd7+ Qxd7 8. Bg5 Bg7 9. Bxf6 Bxf6 10. Nd5 Bg7 11. c3 O-O 12. O-O Nc6 13. Re1 Rac8 14. a4 Nxd4 15. cxd4 e6 16. Ne3 d5 17.
exd5 exd5 18. Qd3 Rc6 19. Red1 Rfc8 20. a5 a6 21. Qb3 h5 22. g3 Rd8 23. Ra4 h4 24.
Rb4 Qh3 25. Rxb7 Rf6 26. Qc2 Rc8 27. Qe2 Re6 28. Qf3 Rf6 29. Qg2 Qxg2+ 30. Kxg2 hxg3 31. hxg3 Rd6 32. Rb6 Rcd8 33. Rd3 Bh6 34. Kf3 Bf8 35. Rdb3 Kg7 36. Rxd6 Rxd6 37. Rb6 Rf6+ 38. Ke2 Bd6 39. Nxd5 Re6+ 40. Kd3 Kh6 41. b4 Kg5 42. Rxa6 Kg4 43. Rc6 Kf3 44. a6 Bb8 45. Rxe6 fxe6 46. Ne7 g5 47. Nc6 1-0

[Event "*** Titled Tuesday Blitz"]
[Site "Chess.com"]
[Date "2019.10.01"]
[Round "4"]
[White "bascheyaro"]
[Black "albi1999"]
[Result "1-0"]
[WhiteElo "2757"]
[BlackElo "2524"]
[TimeControl "180+2"]
[EndTime "13:54:09 PDT"]
[Termination "bascheyaro won by resignation"]

1. d4 Nf6 2. Nf3 d5 3. c4 e6 4. Nc3 Bb4 5. Bg5 h6 6. Bxf6 Qxf6 7. e3 O-O 8. Qb3 c5 9. a3 Bxc3+ 10. bxc3 dxc4 11. Bxc4 Nc6 12. Be2 e5 13. dxc5 Bg4 14. h3 Bh5 15. Qc4 Rfe8 16. O-O e4 17. Nd4 Bxe2 18.
Nxe2 Qe6 19. Qxe6 Rxe6 20. Rab1 Nd8 21. Rfd1 Re7 22. Rd5 Kf8 23. Nd4 Ke8 24. Nb5 Rd7 25.
Re5+ Kf8 26. Nd6 Ne6 27. Rxb7 Rad8 28. Rxd7 Rxd7 29. Rxe4 Rc7 30. Rc4 Ke7 31. Nb5 1-0

[Event "*** Titled Tuesday Blitz"]
[Site "Chess.com"]
[Date "2019.10.01"]
[Round "4"]
[White "SloLev"]
[Black "CastleOasisChess"]
[Result "1-0"]
[WhiteElo "2473"]
[BlackElo "2007"]
[TimeControl "180+2"]
[EndTime "13:54:12 PDT"]
[Termination "SloLev won by checkmate"]

1. e4 e6 2. d4 d5 3. exd5 exd5 4. c4 c6 5. Nc3 Bd6 6. cxd5 Nf6 7. dxc6 Nxc6 8. Bc4 O-O 9. Nge2 Na5 10. Bd3 Bg4 11. Bg5 Re8 12. O-O h6 13. Bh4 Rc8 14. f3 Bh5 15. Ne4 Be7 16. Bf2 Nc6 17. Nf4 Nxe4 18. Bxe4 Bg6 19. Nxg6 fxg6 20. Bxg6 Rf8 21. Rc1 Rf6 22.
Bb1 Rd6 23. Qd3 g6 24. Bg3 Nb4 25. Qb3+ Nd5 26. Bxd6 Rxc1 27. Qxd5+ Kg7 28. Be5+ Kh7 29. Qf7# 1-0

[Event "*** Titled Tuesday Blitz"]
[Site "Chess.com"]
[Date "2019.10.01"]
[Round "4"]
[White "DeGrootteZ"]
[Black "SlavenPastar"]
[Result "1-0"]
[WhiteElo "2669"]
[BlackElo "2420"]
[TimeControl "180+2"]
[EndTime "13:54:14 PDT"]
[Termination "DeGrootteZ won on time"]

1. e4 e5 2. Nf3 Nc6 3. Bc4 Bc5 4. c3 Nf6 5. d3 O-O 6. O-O d6 7. Bb3 h6 8. Nbd2 Re8 9. h3 Be6 10. Re1 d5 11. exd5 Bxd5 12. Ne4 Nxe4 13. dxe4 Bxb3 14. Qxb3 b6 15. Qc4 a5 16. a4 Qf6 17. Be3 Bxe3 18.
Rxe3 Rad8 19. Qe2 Qd6 20. Nh4 Ne7 21. Qg4 Qd7 22. Qh5 Qe6 23. Rg3 Rd6 24. Re1 Red8 25.
Ree3 Ng6 26. Nf5 Rd1+ 27. Kh2 Rf1 28. Rgf3 Rd2 29. Kg3 Nf4 30. Qg4 Qg6 31. Ne7+ 1-0

[Event "*** Titled Tuesday Blitz"]
[Site "Chess.com"]
[Date "2019.10.01"]
[Round "4"]
[White "GremioPrudente"]
[Black "CzechmVIII"]
[Result "1-0"]
[WhiteElo "2270"]
[BlackElo "2084"]
[TimeControl "180+2"]
[EndTime "13:54:17 PDT"]
[Termination "GremioPrudente won by resignation"]

1. Nf3 c5 2. c4 Nf6 3. g3 b6 4. Bg2 Bb7 5. O-O e6 6. Nc3 Be7 7. d4 cxd4 8. Qxd4 d6 9. Bg5 a6 10. Bxf6 Bxf6 11. Qd3 Ra7 12. Rad1 Be7 13. Nd4 Bxg2 14.
Kxg2 O-O 15. f4 Rc7 16. f5 Qc8 17. fxe6 fxe6 18. Rxf8+ Bxf8 19. Qe4 Rxc4 20. Qxe6+ Qxe6 21. Nxe6 Nd7 22. Nxf8 Nxf8 23. Rxd6 b5 24. Rxa6 b4 25. Ra4 Ne6 26. a3 Rd4 27. Rxb4 Rd2 28. Kf2 Ng5 29.
Ke3 Rc2 30. a4 Rc1 31. a5 1-0

[Event "*** Titled Tuesday Blitz"]
[Site "Chess.com"]
[Date "2019.10.01"]
[Round "4"]
[White "AliKa2810"]
[Black "ExploringChess"]
[Result "0-1"]
[WhiteElo "2608"]
[BlackElo "2861"]
[TimeControl "180+2"]
[EndTime "13:54:22 PDT"]
[Termination "ExploringChess won on time"]

1. e4 e6 2. d4 d5 3. Nd2 Be7 4. Bd3 c5 5. dxc5 Nf6 6. Qe2 O-O 7. Ngf3 Na6 8. exd5 Nxc5 9. dxe6 Nxd3+ 10. cxd3 Bxe6 11. O-O Nd5 12. Ne4 h6 13. Bd2 Qb6 14. Bc3 Rad8 15. Be5 Nb4 16. Rfd1 Bxa2 17. Nfd2 Nxd3 18. Bxg7 Kxg7 19.
Rxa2 f5 20. Nc4 Nf4 21. Qc2 Rxd1+ 22. Qxd1 Qc6 23. Ne3 fxe4 24. Rxa7 Nd3 25. Qg4+ Qg6 26. Qd7 Qf6 27. Ng4 Qxb2 28. Qxe7+ Rf7 0-1

[Event "*** Titled Tuesday Blitz"]
[Site "Chess.com"]
[Date "2019.10.01"]
[Round "4"]
[White "dlp300"]
[Black "Grandmaster1369"]
[Result "0-1"]
[WhiteElo "2514"]
[BlackElo "2679"]
[TimeControl "180+2"]
[EndTime "13:54:22 PDT"]
[Termination "Grandmaster1369 won by resignation"]

1. Nf3 Nf6 2. g3 e6 3. Bg2 d5 4. O-O Be7 5. d3 O-O 6. Nbd2 c5 7. e4 Nc6 8. Re1 b5 9. e5 Nd7 10. h4 Qc7 11. Qe2 Bb7 12. Nf1 Rfc8 13. N1h2 a5 14.
Bg5 Bf8 15. h5 h6 16. Bd2 a4 17.
Ng4 a3 18. b3 c4 19. Bf4 cxd3 20. cxd3 Nb4 21. Rac1 Qd8 22. d4 Rxc1 23. Rxc1 Rc8 24. Rd1 Rc2 25. Qe3 Nxa2 26. Bxh6 Nc3 27. Re1 gxh6 28. Nxh6+ Bxh6 29. Qxh6 Ne4 30. Rxe4 dxe4 31. Ng5 Nf8 32. Bxe4 Bxe4 33. Nxe4 Nh7 34. Nf6+ Nxf6 35. exf6 Qf8 36. Qg5+ Kh8 0-1

[Event "*** Titled Tuesday Blitz"]
[Site "Chess.com"]
[Date "2019.10.01"]
[Round "4"]
[White "smshk35"]
[Black "MarcoRiehle"]
[Result "0-1"]
[WhiteElo "2369"]
[BlackElo "2591"]
[TimeControl "180+2"]
[EndTime "13:54:22 PDT"]
[Termination "MarcoRiehle won by resignation"]

1. e4 e5 2. Nf3 Nf6 3. Nxe5 Nxe4 4. Qe2 Qe7 5. Qxe4 d6 6. d4 dxe5 7. Qxe5 Qxe5+ 8. dxe5 Bf5 9. Bd3 Bxd3 10. cxd3 Nc6 11. f4 Nb4 12. Na3 Nxd3+ 13. Ke2 O-O-O 14. Rd1 Nxc1+ 15. Raxc1 Bxa3 16. bxa3 Rhe8 17. Ke3 Re6 18. Rxd8+ Kxd8 19. Ke4 Ra6 20. Rc3 Ra4+ 21. Kf5 c6 22.
Rg3 g6+ 23. Kg5 Ke7 24. Rh3 h6+ 25. Kg4 g5 26. Rxh6 gxf4 27. Rh3 f3+ 28. Kxf3 Rxa3+ 29. Ke4 Rxa2 30. Rg3 a5 31. h4 Ra4+ 32. Kf5 Rxh4 33. Rg7 Rb4 34. g4 a4 35. g5 Kf8 36. Rh7 a3 37. g6 fxg6+ 38. Kxg6 a2 39. Rh8+ Ke7 40. Ra8 Ke6 0-1

[Event "*** Titled Tuesday Blitz"]
[Site "Chess.com"]
[Date "2019.10.01"]
[Round "4"]
[White "Natalya_Buksa"]
[Black "Zubrrr"]
[Result "0-1"]
[WhiteElo "2440"]
[BlackElo "2695"]
[TimeControl "180+2"]
[EndTime "13:54:25 PDT"]
[Termination "Zubrrr won by resignation"]

1. e4 c5 2. Nf3 d6 3. d4 cxd4 4. Nxd4 Nf6 5. Nc3 a6 6. Be2 e6 7. Be3 Be7 8. O-O Qc7 9. f4 b5 10.
Bf3 Bb7 11. a3 Nbd7 12. Qe2 O-O 13. Rae1 Rfe8 14. Kh1 Bf8 15. Bf2 e5 16. fxe5 Nxe5 17. Bh4 Nfd7 18. Bh5 g6 19. Bg4 Bg7 20. Bh3 Nc4 21.
Ndxb5 axb5 22. Nxb5 Qc5 23. Bxd7 Rxe4 24. Qf2 Qxf2 25.
Bxf2 Bxb2 26. Bh4 Rxh4 27. Re7 Be5 28. Rfxf7 Rxh2+ 29. Kg1 Rxg2+ 30. Kf1 Ne3+ 31. Ke1 Bg3+ 0-1

[Event "*** Titled Tuesday Blitz"]
[Site "Chess.com"]
[Date "2019.10.01"]
[Round "4"]
[White "XiaoKangZhong"]
[Black "DonBroca"]
[Result "1-0"]
[WhiteElo "2423"]
[BlackElo "2085"]
[TimeControl "180+2"]
[EndTime "13:54:25 PDT"]
[Termination "XiaoKangZhong won on time"]

1. e4 c5 2. c3 d5 3. exd5 Qxd5 4. d4 Nf6 5. Nf3 Bg4 6. Be2 e6 7. Be3 cxd4 8. cxd4 Nc6 9. Nc3 Qd6 10. h3 Bh5 11. O-O Be7 12. Nb5 Qd8 13. Ne5 Bxe2 14. Qxe2 Nb4 15. Qc4 Nbd5 16. Rac1 O-O 17. Qd3 a6 18. Nc3 Qa5 19. a3 Nxc3 20. Rxc3 Nd5 21. Rc2 Rac8 22.
Rfc1 Rxc2 23. Rxc2 f6 24. Nd7 Rd8 25. Qe4 Kf7 26. Nc5 Bxc5 27. Rxc5 Qe1+ 28. Kh2 Nxe3 29. Rc7+ Kg8 30. Qxe6+ Kh8 31. fxe3 Qh4 32. Qd7 Rg8 33. Rc8 Qh5 34. Qe6 1-0

[Event "*** Titled Tuesday Blitz"]
[Site "Chess.com"]
[Date "2019.10.01"]
[Round "4"]
[White "Vuk2000"]
[Black "Casablanca"]
[Result "1-0"]
[WhiteElo "2800"]
[BlackElo "2191"]
[TimeControl "180+2"]
[EndTime "13:54:30 PDT"]
[Termination "Vuk2000 won by resignation"]

1. d4 Nf6 2. Bg5 g6 3. Bxf6 exf6 4. c4 Bg7 5. Nc3 f5 6. g3 O-O 7. Bg2 d6 8. e3 c6 9. Nge2 Be6 10. Qd3 Na6 11. a3 Nc7 12. O-O d5 13. cxd5 Nxd5 14.
Nxd5 Bxd5 15. Nc3 Bxg2 16. Kxg2 h5 17. h4 Qe7 18. Rfd1 Rad8 19. Qc4 Rfe8 20. Rd2 Qe6 21. Qe2 Rd7 22. Rad1 Red8 23. Qf3 a6 24. Na4 Qd5 25. Nc5 Qxf3+ 26. Kxf3 Rc7 27. Rc1 Bf8 28. Nd3 Bg7 29. Rdc2 Re7 30. b4 Kf8 31. a4 Rd5 32. Nc5 Kg8 33. b5 axb5 34. axb5 cxb5 35. Rb1 Rc7 36. Rxb5 Bf8 37. Rxb7 Rxb7 38. Nxb7 Rb5 39. Nc5 Bxc5 40. dxc5 Kf8 41. c6 Rb8 42. c7 Rc8 43. Kf4 Ke7 44.
Kg5 Ke6 45. Kh6 Kf6 46. Rc6+ Ke7 47. Kg7 Ke8 48. Kf6 Kd7 49. Rc3 Ke8 50. Rc4 Kf8 51. Rb4 1-0

[Event "*** Titled Tuesday Blitz"]
[Site "Chess.com"]
[Date "2019.10.01"]
[Round "4"]
[White "mbojan"]
[Black "Saitama_Hero"]
[Result "1-0"]
[WhiteElo "2549"]
[BlackElo "2336"]
[TimeControl "180+2"]
[EndTime "13:54:30 PDT"]
[Termination "mbojan won by checkmate"]

1. e4 e6 2. d4 d5 3. Nc3 Bb4 4.
e5 c5 5. Bd2 Ne7 6. a3 Bxc3 7.
Bxc3 b6 8. Bb5+ Bd7 9. Bd3 Nbc6 10. f4 cxd4 11. Bd2 g5 12. Nf3 gxf4 13. Bxf4 Ng6 14. Bg5 Qc7 15. Bf6 Rg8 16. O-O Rc8 17. g3 h5 18. Kh1 Ngxe5 19. Nxe5 Nxe5 20. Qxh5 Nxd3 21. cxd3 Bb5 22. Qh7 Rg6 23. Bg7 Qe7 24. Rac1 Rxc1 25. Rxc1 Bxd3 26. Qg8+ Kd7 27. Qc8+ Kd6 28. Qb8+ Kd7 29.
Rc7+ Kd6 30. Rxa7+ Kc6 31. Rxe7 Rxg7 32. a4 Rg6 33.
Qc7# 1-0

[Event "*** Titled Tuesday Blitz"]
[Site "Chess.com"]
[Date "2019.10.01"]
[Round "4"]
[White "Spalir"]
[Black "Faustregel"]
[Result "1-0"]
[WhiteElo "2824"]
[BlackElo "2565"]
[TimeControl "180+2"]
[EndTime "13:54:31 PDT"]
[Termination "Spalir won by resignation"]

1. d4 d5 2. c4 c6 3. Nc3 Nf6 4. Nf3 a6 5. a4 e6 6. Bg5 h6 7.
Bxf6 Qxf6 8. a5 Bb4 9. e3 O-O 10. c5 Nd7 11. Qb3 Bxc3+ 12. Qxc3 e5 13. Nxe5 Nxe5 14.
dxe5 Qe7 15. Bd3 Re8 16. f4 f6 17. Bg6 Rf8 18. O-O fxe5 19. fxe5 Be6 20. Bc2 Qg5 21. Qd3 g6 22. Qxg6+ Qxg6 23. Bxg6 Kg7 24. Bd3 Rxf1+ 25. Rxf1 Re8 26. Rf6 Bf7 27. Rd6 Rxe5 28. Kf2 Be8 29. b4 Re7 30. g4 Rd7 31. Kg3 Re7 32. Kf4 Bf7 33. Bf5 Be8 34. Re6 Kf8 35. Rxe7 Kxe7 36. Ke5 1-0

[Event "*** Titled Tuesday Blitz"]
[Site "Chess.com"]
[Date "2019.10.01"]
[Round "4"]
[White "Olga_Ustinova"]
[Black "Qvalda"]
[Result "1-0"]
[WhiteElo "2347"]
[BlackElo "2529"]
[TimeControl "180+2"]
[EndTime "13:54:31 PDT"]
[Termination "Olga_Ustinova won by resignation"]

1. d4 d5 2. Nf3 Nf6 3. Bf4 c5 4.
e3 Nc6 5. c3 Qb6 6. Qc2 Bf5 7. dxc5 Bxc2 8. cxb6 Bxb1 9. Rxb1 axb6 10. a3 Kd7 11. Bb5 Rc8 12. Ne5+ Ke6 13. Nd3 Ne4 14.
O-O Nd6 15. Ba4 Nc4 16. e4 dxe4 17. Rfe1 Kf5 18. g4+ Kg6 19. Rxe4 Nd6 20. Re3 e6 21. Ne5+ Nxe5 22. Rxe5 Kf6 23. g5+ Ke7 24. Rd1 Rd8 25. Be3 g6 26. Bxb6 Ra8 27. Bc5 Rxa4 28. Bxd6+ Ke8 29.
Bxf8 Kxf8 30. Rb5 Kg7 31. f3 Ra7 32. Rd7 h6 33. gxh6+ Rxh6 34. Rbxb7 Rxb7 35. Rxb7 Kf6 36. a4 Ke5 37. a5 f6 38. a6 Rh4 39. b4 Rh8 40. a7 Ra8 41. b5 Kd6 42. b6 Kc6 43. Rb8 1-0

[Event "*** Titled Tuesday Blitz"]
[Site "Chess.com"]
[Date "2019.10.01"]
[Round "4"]
[White "arjwezhrtdrz"]
[Black "NiranjanNavalgund"]
[Result "0-1"]
[WhiteElo "2084"]
[BlackElo "2421"]
[TimeControl "180+2"]
[EndTime "13:54:31 PDT"]
[Termination "NiranjanNavalgund won by resignation"]

1. e4 c5 2. c3 d5 3. exd5 Qxd5 4. d4 e6 5. Nf3 Nf6 6. Be2 Be7 7. Na3 cxd4 8. Nb5 Qd8 9. Nbxd4 O-O 10. O-O b6 11.
Ne5 Bb7 12. Bf3 Qc8 13. Bxb7 Qxb7 14. Qf3 Qxf3 15. Ndxf3 Rd8 16. Bg5 h6 17. Bxf6 Bxf6 18. Rfd1 Na6 19. Ng4 Be7 20. Ne3 Nc5 21. Rxd8+ Rxd8 22. Rd1 Rc8 23. b3 Ne4 24. c4 Bc5 25. Rd3 a5 26.
Nd2 Nd6 27. Kf1 f5 28. Ke2 Kf7 29. f3 g5 30. Nc2 Kf6 31. Nd4 Nf7 32. Nb5 Ne5 33. Rc3 Rd8 34. Rc2 Nd3 35. g3 Bb4 36.
a3 Bxd2 37. Rxd2 Nc1+ 38. Kd1 Rxd2+ 39. Kxd2 Nxb3+ 40. Kc3 Nc5 41. Nd6 e5 42. Nc8 Nd7 43.
Kd3 Ke6 44. a4 Nc5+ 45. Kc3 Nxa4+ 46. Kb3 Nc5+ 0-1

[Event "*** Titled Tuesday Blitz"]
[Site "Chess.com"]
[Date "2019.10.01"]
[Round "4"]
[White "2nd_life"]
[Black "maciek_92"]
[Result "0-1"]
[WhiteElo "2404"]
[BlackElo "2850"]
[TimeControl "180+2"]
[EndTime "13:54:32 PDT"]
[Termination "maciek_92 won on time"]

1. e4 c5 2. Nf3 Nc6 3. Bb5 g6 4. Bxc6 bxc6 5. O-O Bg7 6. Re1 Rb8 7. c3 Nf6 8. d4 cxd4 9. cxd4 O-O 10. Nc3 d6 11.
h3 Nd7 12. b3 c5 13. Bb2 cxd4 14. Nxd4 Bb7 15. Qd2 a6 16. Nd5 e6 17. Nc3 Qa5 18. a3 Rfd8 19. Rad1 Qh5 20. Nde2 Ne5 21. f4 Nc6 22.
Ng3 Qh4 23. Kh2 Bh6 24. Rf1 Ne5 25. Nce2 Ng4+ 26. Kg1 Nf6 27. Qd3 d5 28. e5 Ne8 29.
Bd4 Bc6 30. a4 Bd7 31. Bc5 Rb7 32. Qxa6 Rxb3 33. Kh2 Rc8 34. Rc1 Rxg3 0-1